 Dungeon Crawl Stone Soup version 0.27.0-1-g7a089689b8 (webtiles) character file.

Game seed: 2625002651292572360

63 Sin92 the Skirmisher (level 3, -19/29 HPs)
             Began as a Demonspawn Fighter on Aug 4, 2021.
             Demolished by an ogre (25 damage)
             ... on level 2 of the Dungeon.
             The game lasted 00:01:03 (1732 turns).

Sin92 the Skirmisher (Demonspawn Fighter)           Turns: 1732, Time: 00:01:03

Health: -19/29     AC:  7    Str: 17    XL:     3   Next: 89%
Magic:  3/3        EV:  7    Int: 11    God:
Gold:   66         SH:  9    Dex: 12    Spells: 2/2 levels left

rFire    . . .     SeeInvis .   a - +0 long sword
rCold    . . .     Faith    .   c - +0 kite shield
rNeg     . . .     Spirit   .   b - +0 scale mail
rPois    .         Reflect  .   (no helmet)
rElec    .         Harm     .   (no cloak)
rCorr    .         Rampage  .   i - +0 pair of gloves
Will     .....                  (no boots)
Stlth    ..........             (no amulet)
HPRegen  0.09/turn              (no ring)
MPRegen  0.08/turn              (no ring)

@: no status effects
A: talons 1, big brain 1
a: no special abilities


You were on level 2 of the Dungeon.
You visited 1 branch of the dungeon, and saw 2 of its levels.

You collected 66 gold pieces.

Inventory:

Hand Weapons
 a - a +0 long sword (weapon)
Missiles
 j - 3 throwing nets (quivered)
Armour
 b - a +0 scale mail (worn)
 c - a +0 kite shield (worn)
 i - a +0 pair of gloves (worn)
Scrolls
 e - a scroll of blinking {unknown}
 f - a scroll of enchant armour {unknown}
 h - 2 scrolls of identify {unknown}
 k - a scroll of teleportation {unknown}
Potions
 d - a potion of might
 g - 4 potions of curing {unknown}


   Skills:
 + Level 3.3 Fighting
 * Level 2.6 Long Blades
 + Level 3.0 Armour
 + Level 1.1 Dodging
 + Level 3.0 Shields


You had 2 spell levels left.
You didn't know any spells.
Your spell library contained the following spells:

 Spells                   Type           Power      Damage    Failure   Level
 Animate Skeleton         Necr           0%         N/A       99%         1
 Apportation              Tloc           0%         N/A       99%         1
 Corona                   Hex            0%         N/A       99%         1
 Summon Small Mammal      Summ           0%         N/A       99%         1


Dungeon Overview and Level Annotations

Branches:
Dungeon (2/15)

Altars:
Yredelemnul


Innate Abilities, Weirdness & Mutations

You have sharp toenails.
You have an unusually large brain. (Int +2)


Message History

You hit the hobgoblin.
You kill the hobgoblin!
You see here a hobgoblin corpse.
An ogre comes into view. It is wielding a +0 giant club.
The ogre shouts!
Found a scroll labelled MOFOPTUSEUSCH.
Unknown command.
Unknown command.
An ogre is nearby!
You block the ogre's attack.
Found 7 gold pieces.
Unknown command.
An ogre is nearby!
You hit the ogre.
The ogre is lightly wounded.
The ogre hits you with a +0 giant club!!
Ouch! That really hurt!
* * * LOW HITPOINT WARNING * * *
Unknown command.
An ogre is nearby!
You are too injured to fight recklessly!
An ogre is nearby!
Unknown command.
You are too injured to fight recklessly!
An ogre is nearby!
Unknown command.
You are too injured to fight recklessly!
Unknown command.
An ogre is nearby!
You are too injured to fight recklessly!
An ogre is nearby!
You slash the ogre! You claw the ogre.
The ogre is moderately wounded.
The ogre hits you with a +0 giant club.
* * * LOW HITPOINT WARNING * * *
You hit the ogre. You claw the ogre.
The ogre is severely wounded.
The ogre hits you with a +0 giant club!!
Ouch! That really hurt!
You die...

..#.#.#####.# ##
#####............# #..
#!$?#..#.#.#####..
...#...#.............
..#...#....#.#####.#
#.###.##..#.#####.#
#...#†#...........
#.##...##.##..#####.#
#..@....#.#...# #.#
#.O.....##.##.####'#
#...........#(#.†)....
#...........###.......
......#####............
##..... #.###<.......
#..... #.# #........
#...$. #. #........ #.
#........


You could see an ogre.

Vanquished Creatures
  A hound skeleton (D:2)
  An adder (D:2)
  2 dart slugs (D:1)
  A bat (D:1)
  2 endoplasms
  3 giant cockroaches
  5 goblins
  3 hobgoblins
  4 jackals (D:1)
  3 kobolds
  2 quokkas (D:2)
  2 ball pythons
  2 frilled lizards
  A rat (D:2)
32 creatures vanquished.

Notes
Turn   | Place    | Note
-------+----------+-------------------------------------------
     0 | D:1      | Sin92 the Demonspawn Fighter began the quest for the Orb.
     0 | D:1      | Reached XP level 1. HP: 18/18 MP: 1/1
   543 | D:1      | Gained mutation: You have sharp toenails. [demonic
                  | ancestry]
   543 | D:1      | Reached XP level 2. HP: 19/24 MP: 2/2
  1193 | D:2      | Found a basalt altar of Yredelemnul.
  1215 | D:2      | Gained mutation: You have an unusually large brain. (Int
                  | +2) [demonic ancestry]
  1215 | D:2      | Reached XP level 3. HP: 14/29 MP: 3/3
  1492 | D:2      | Reached skill level 1 in Dodging
  1726 | D:2      | Noticed an ogre
  1732 | D:2      | Demolished by an ogre

Illustrated notes

Levels and vault maps discovered:
D:1:      co_arrival_random_square_maze, layout_rooms
D:2:      layout_basic, basic_altar, minivault_14, minivault_23,
          grunt_decor_cap, minmay_vboxes

Skill      XL: |  1  2  3 |
---------------+----------+-----
Long Blades    | 2 |  2.6
Shields        | 3 |  3.0
Armour         | 3 |  3.0
Dodging        | 1 |  1.1
Fighting       | |  3.3

Action                   || total
-------------------------++-------
Melee: Long sword        ||   110
       Kick              ||    16
Armor: Scale mail        ||    83
Dodge: Dodged            ||    39
Block: Kite shield       ||    63
       Rpst.: Long sword ||    13
